 Dungeon Crawl Stone Soup version 0.17-a0-1663-gb806841 (webtiles) character file.

41 MikeDS the Shooter (level 3, -1/30 HPs)
             Began as a Centaur Hunter on Aug 16, 2015.
             Slain by an orc priest
             ... wielding a +0 club
              (5 damage)
             ... on level 3 of the Dungeon.
             The game lasted 00:07:11 (1918 turns).

MikeDS the Shooter (Centaur Hunter)                 Turns: 1918, Time: 00:07:12

Health: -1/30      AC:  4    Str: 14    XL:     3   Next: 32%
Magic:  3/3        EV:  9    Int: 10    God:
Gold:   133        SH:  0    Dex: 10    Spells: 0 memorised, 2 levels left

rFire  . . .     SeeInvis .     a - +1 shortbow
rCold  . . .     Clarity  .     d - +0 leather armour
rNeg   . . .     SustAt   .     (no shield)
rPois  .         Gourm    .     (no helmet)
rElec  .         Spirit   .     (no cloak)
rCorr  .         Warding  .     (no gloves)
rMut   .         Stasis   .     (no barding)
MR     .....                    (no amulet)
Stlth  +.........               (no ring)
                                (no ring)

@: very quick, not resistant to hostile enchantments, very unstealthy
A: hooves 3, deformed body, speed 2, tough skin 3
a: no special abilities


You were on level 3 of the Dungeon.
You were not hungry.

You visited 1 branch of the dungeon, and saw 3 of its levels.

You collected 133 gold pieces.

Inventory:

Hand weapons
 a - a +1 shortbow (weapon)
 c - a +0 short sword
Missiles
 b - 29 arrows (quivered)
Armour
 d - a +0 leather armour (worn)
Jewellery
 h - a cursed -2 ring of evasion {unknown}
 r - a +3 ring of strength {unknown}
 w - an uncursed amulet of rage {unknown}
Scrolls
 o - a scroll of fog {unknown}
 p - a scroll of noise {unknown}
 s - a scroll of identify {unknown}
 u - a scroll of teleportation {unknown}
 v - a scroll of magic mapping {unknown}
Potions
 i - a potion of haste
 k - 2 potions of flight {unknown}
 l - 2 potions of lignification {unknown}
 m - a potion of brilliance {unknown}
 q - 2 potions of invisibility {unknown}
Comestibles
 e - 3 bread rations
 f - 4 beef jerkies
 g - a slice of pizza
 j - 3 meat rations
 n - 4 fruits
 t - 2 chunks of flesh


   Skills:
 + Level 2.4 Fighting
 + Level 5.8 Bows
 + Level 1.6 Dodging
 - Level 0.5 Stealth
 * Level 1.6 Unarmed Combat


You had 2 spell levels left.
You didn't know any spells.

Dungeon Overview and Level Annotations

Branches:
Dungeon (3/15)

Altars:


Innate Abilities, Weirdness & Mutations

You have hooves in place of feet.
Armour fits poorly on your strangely shaped body.
You cover ground very quickly.
You have extremely tough skin (AC +3).


Message History

The orc priest invokes the aid of Beogh against you.
Pain shoots through your body!
* * * LOW HITPOINT WARNING * * *
You are too injured to fight recklessly!
Really attack while wielding your +1 shortbow? [Y]es or [N]o only, please.
Really attack while wielding your +1 shortbow?
Okay, then.
Firing (i - inventory):
b - 31 arrows (quivered)
Press: ? - help, Shift-Dir - straight line, f - orc priest, p - orc priest
Aim: an orc priest (severely wounded)
You shoot an arrow. The arrow barely misses the orc priest.
The orc priest hits you.
* * * LOW HITPOINT WARNING * * *
Firing (i - inventory):
b - 30 arrows (quivered)
Press: ? - help, Shift-Dir - straight line, f/p - orc priest
Aim: an orc priest (severely wounded)
You shoot an arrow. The arrow barely misses the orc priest.
The orc priest barely misses you. The orc priest hits you with a club.
You die...

####+######## #####
#...........# #...
#...........###.#####
+...........'.......#.
#..?........###.....#..
#...........#
#.....#.##
#...........#
#......[.#
#(=...o@....#
#.....#..#
#.....oo....#
#.#+#.#..#
#####)#######
#.#.#.#...
#(#########.#......#
....................
.(...#######.[...#...
..(. ########.# .....
...# ...... .....#


You could see 2 orc priests and an orc.

Vanquished Creatures
  An adder (D:2)
  A worm (D:3)
  A giant gecko (D:2)
  2 orcs (D:3)
  A ball python (D:3)
  2 bats
  3 giant cockroaches
  3 goblins
  2 hobgoblins
  3 kobolds
  A quokka (D:2)
  5 rats
25 creatures vanquished.

Notes
Turn   | Place    | Note
--------------------------------------------------------------
     0 | D:1      | MikeDS the Centaur Hunter began the quest for the Orb.
     0 | D:1      | Reached XP level 1. HP: 17/17 MP: 1/1
   428 | D:1      | Reached XP level 2. HP: 19/24 MP: 2/2
  1005 | D:2      | Reached skill level 1 in Unarmed Combat
  1474 | D:2      | Reached XP level 3. HP: 30/30 MP: 3/3
  1918 | D:3      | Slain by an orc priest

Vault maps used:
D:1:      dpeg_arrival_short_road
D:3:      lemuel_doored_altar, nicolae_overflow_crystal_walls,
          gammafunk_temple_overflow_forgotten, lightli_sewer_entry_pipes,
          uniq_jessica

Action                   || total
-------------------------++-------
Melee: Unarmed           ||    14
 Fire: Shortbow          ||    70
  Use: Potion            ||     1
  Eat: Chunk             ||     2
